 Dungeon Crawl Stone Soup version 0.28-a0-664-gc179e30c89 (webtiles) character file.

Game seed: 12716037845896330154

65515 acebull12 the Thaumaturge (level 15, -5/115 HPs)
             Began as a Djinni Fire Elementalist on Oct 17, 2021.
             Was a High Priest of Dithmenos.
             Slain by a merfolk (12 damage)
             ... on level 1 of the Shoals.
             The game lasted 01:40:14 (33891 turns).

acebull12 the Thaumaturge (DjFE)                   Turns: 33891, Time: 01:40:14

Health: -5/115     AC:  9    Str: 11    XL:     15   Next: 58%
Gold:   1515       EV: 16    Int: 20    God:    Dithmenos [*****.] SH:  7 Dex: 19

rFire   + + .      SeeInvis .   n - +1 dagger (elec)
rCold   . . .      Faith    .   v - +0 buckler of Prudence {rN+ Dex+4}
rNeg    + . .      Spirit   .   e - +1 leather armour of True Grit {rPois rF+ Str+4 Dex-2}
rPois   ∞          Reflect  .   m - +0 helmet
rElec   .          Harm     .   O - +0 cloak
rCorr   .          Rampage  .   w - +0 pair of gloves
Will    +....                   (boots unavailable)
Stlth   +++.......              (no amulet)
HPRegen 0.29/turn               M - +4 ring of evasion
MPRegen 0.00/turn               R - ring of ice

@: flying, wreathed by umbra, studying Maces & Flails
A: sickness immunity, fire resistance 2, cold vulnerability 1, float, innate
caster, hp casting, extra vitality 1
a: Renounce Religion, Shadow Step, Shadow Form


You were on level 1 of the Shoals.
You worshipped Dithmenos.
Dithmenos was extremely pleased with you.
You visited 5 branches of the dungeon, and saw 22 of its levels.

You collected 1515 gold pieces.

Inventory:

Hand Weapons
 n - a +1 dagger of electrocution (weapon)
 F - a +2 trident of protection
Missiles
 p - 271 stones
Armour
 a - a +2 robe of cold resistance
 e - the +1 leather armour of True Grit (worn) {rPois rF+ Str+4 Dex-2}
   (You found it on level 8 of the Dungeon)

   Str:       It affects your strength (+4).
   Dex:       It affects your dexterity (-2).
   rF:        It protects you from fire.
   rPois:     It protects you from poison.
 h - a +0 hat of see invisible
 m - a +0 helmet (worn)
 v - the +0 buckler of Prudence (worn) {rN+ Dex+4}
   (You found it on level 4 of the Dungeon)

   Dex:       It affects your dexterity (+4).
   rN:        It protects you from negative energy.
 w - a +0 pair of gloves (worn)
 z - a +0 kite shield
 O - a +0 cloak (worn)
Jewellery
 D - a ring of resist corrosion
 E - a ring of protection from fire
 M - a +4 ring of evasion (left hand)
 N - a +4 ring of slaying
 Q - a ring of protection from fire
 R - a ring of ice (right hand)
 T - a ring of willpower
 U - a +4 ring of protection
Wands
 u - a wand of iceblast (20)
 y - a wand of mindburst (10)
 G - a wand of polymorph (10)
 K - a wand of charming (9)
 L - a wand of flame (38)
 V - a wand of acid (6)
Scrolls
 c - 2 scrolls of brand weapon {unknown}
 f - a scroll of blinking
 g - a scroll of summoning {unknown}
 i - 5 scrolls of enchant weapon
 l - a scroll of silence {unknown}
 t - a scroll of enchant armour {unknown}
 x - a scroll of fear {unknown}
 A - 2 scrolls of magic mapping
 C - 3 scrolls of teleportation
 H - 3 scrolls of fog
 P - a scroll of torment {unknown}
 S - a scroll of holy word {unknown}
Potions
 b - 4 potions of curing
 j - 4 potions of lignification
 k - 2 potions of might
 o - 2 potions of haste
 q - 3 potions of brilliance
 r - 3 potions of berserk rage
 s - 2 potions of heal wounds
 B - a potion of ambrosia
 J - a potion of cancellation


   Skills:
 * Level 13.2 Fighting
 + Level 3.2 Short Blades
 + Level 7.8 Armour
 - Level 2.6 Dodging
 - Level 1.5 Stealth
 * Level 10.1 Shields
 + Level 14.8 Spellcasting
 + Level 0.6 Invocations


You had 6 spell levels left.
You knew the following spells:

 Your Spells              Type           Power      Damage    Failure   Level
a - Foxfire               Conj/Fire      100%       2x1d9     0%          1
b - Scorch                Fire           100%       2d10      1%          2
c - Conjure Flame         Conj/Fire      65%        6-21      1%          3
d - Inner Flame           Hex/Fire       65%        N/A       1%          3
e - Flame Wave            Conj/Fire      65%        3d12      1%          4
f - Sandblast             Erth           100%       2d20      0%          1
g - Wereblood             Tmut           65%        N/A       1%          2
h - Summon Guardian Gole  Hex/Summ       65%        N/A       1%          3
i - Frozen Ramparts       Ice            100%       1d12      1%          3
j - Sticky Flame          Conj/Fire      65%        2d8       1%          4
k - Metabolic Englaciati  Hex/Ice        42%        N/A       1%          5
l - Summon Cactus Giant   Summ           32%        N/A       1%          6
Your spell library was empty.

Dungeon Overview and Level Annotations

Branches:
Dungeon (13/15)            Temple (1/1) D:5            Lair (6/6) D:11
 Shoals (1/4) Lair:3       Spider (1/4) Lair:4        Slime (0/5) Lair:5
    Orc (0/2) D:9
 Vaults: D:13-14

Altars:
Ashenzari
Cheibriados
Dithmenos
Elyvilon
Fedhas
Gozag
Hepliaklqana
Kikubaaqudgha
Makhleb
Nemelex Xobeh
Okawaru
Qazlal
Ru
Sif Muna
Trog
Uskayaw
Vehumet
Wu Jian
Xom
Yredelemnul
Zin
The Shining One
Jiyva

Shops:
D:3 [   D:6 ?   D:13 (

Portals:
Hell: Lair:6

Annotations:
D:5 3 runed translucent doors, ytrimaz's ghost, novice FoFi
D:10 2 transporters, DarkMailMan's ghost, journeyman GrFi
Spider:1 Azrael


Innate Abilities, Weirdness & Mutations

You are immune to sickness and miasma.
You are immune to poison.
Your flesh is very heat resistant. (rF++)
You are vulnerable to cold. (rC-)
You float through the air rather than walking.
You learn spells naturally, not from books.
Your magical power is your life essence.
You have superior vitality. (+4 HP)


Message History

The merfolk hits you from afar with a +0 trident!
The merfolk closely misses you. The water nymph casts a spell at you.
The water rises up and strikes you!!
* * * LOW HITPOINT WARNING * * *
Your cactus giant closely misses the merfolk.
You block the merfolk's attack.
The water nymph is struck by your cactus giant's spines.
The water nymph touches your cactus giant!
The alligator snapping turtle is struck by your cactus giant's spines.
The alligator snapping turtle bites your cactus giant!!
The merfolk barely misses you.
Your cactus giant hits the alligator snapping turtle but does no damage.
Something bites your cactus giant!!
Your guardian golem overheats!
Flame seeps out of your guardian golem.
The merfolk hits you but does no damage.
Your guardian golem is engulfed in blazing flames.
Flame seeps out of your guardian golem.
You hit the plant.
The plant begins to die.
The plant is lightly damaged.
The merfolk completely misses you. The water nymph casts a spell at you.
The water rises up and strikes you!!
* * * LOW HITPOINT WARNING * * *
The merfolk misses you.
Your guardian golem disappears in a puff of smoke!
Your guardian golem explodes!
The fiery explosion engulfs the merfolk!!
The fiery explosion engulfs the plant!!
The plant begins to die.
The fiery explosion engulfs the plant!!
The plant begins to die.
The fiery explosion engulfs the plant!
The plant begins to die.
Unknown command.
The plant is engulfed in blazing flames.
A nearby plant withers and dies.
The plant is engulfed in blazing flames.
The merfolk is engulfed in a cloud of scalding steam.
The plant is engulfed in blazing flames. x2
The merfolk hits you from afar with a +0 trident!
You die...

≈≈≈.≈≈≈.≈≈≈≈≈≈≈≈≈≈≈≈PP...mC≈≈≈≈..
≈≈≈.≈≈≈.≈≈≈≈≈≈≈≈P≈P≈≈...≈..≈≈≈≈..
≈≈≈†.≈≈≈≈≈≈≈≈≈≈PP≈PP§P.≈##.≈≈≈≈.#
≈≈≈≈≈≈≈..≈≈≈PP≈PPPP≈P§P###≈≈≈≈≈.#
≈≈≈≈≈≈.......PP≈PP≈≈§§§..P≈≈≈≈≈>#
≈≈≈≈...††....>≈PPPP≈≈P≈≈≈≈≈≈≈≈≈..
≈≈≈≈.....##..P)PPPm≈≈≈P≈≈≈≈≈≈≈≈≈.
≈≈≈..#########..P≈PP≈≈≈≈≈≈≈≈≈≈≈≈.
≈≈≈..# ##.@P≈≈≈PPP≈≈≈≈≈ ≈≈≈≈<##
##.P≈≈≈≈≈≈≈≈≈≈≈ ≈≈≈≈..#
#.≈≈≈≈≈≈≈≈≈≈≈≈ ≈≈≈≈..##
#.≈≈≈≈≈≈≈≈≈≈≈ ≈≈≈≈...####
##.≈P≈≈≈≈≈≈≈≈≈
≈≈≈≈......#####..≈≈≈≈≈≈≈≈≈≈
≈≈≈≈.≈≈.....##..≈≈≈≈≈≈≈≈≈
≈≈≈≈≈..........≈≈≈≈≈≈≈≈≈
≈≈..#..##..###.≈≈≈≈≈≈≈≈≈


You could see a merfolk.

Vanquished Creatures
  Rupert (Lair:3)
  Gastronok (D:8)
  Snorg (D:11)
  10 hydras
  Josephine (Lair:6)
  Fannar (Lair:1)
  A boulder beetle (Lair:3)
  A merfolk avatar (Shoals:1)
  A centaur warrior (D:13)
  4 two-headed ogres
  Nergalle (Lair:2)
  A sixfirhy (Lair:6)
  A wizard (Lair:6)
  A deep elf pyromancer (D:12)
  2 wolf spiders (Lair:4)
  6 harpies (Shoals:1)
  3 cyclopes
  An ugly thing (D:12)
  Joseph (D:8)
  A manticore (D:13)
  7 elephants
  2 centaur zombies
  5 black mambas
  The ghost of Maimakterion the Chopper, a novice VSFi of Ashenzari (D:8)
  A gargoyle (D:10)
  An orange demon (Lair:6)
  5 komodo dragons
  13 cane toads
  Maggie (D:6)
  7 rime drakes
  A kobold demonologist (D:8)
  A red devil (Lair:6)
  5 trolls
  A jumping spider (Spider:1)
  A merfolk (Shoals:1)
  Grinder (D:6)
  A hornet (D:8)
  Prince Ribbit (D:8)
  A blink frog (shapeshifter) (D:13)
  A tyrant leech (shapeshifter) (D:13)
  2 slime creatures (D:13)
  17 blink frogs
  3 dream sheep (Lair:6)
  4 vampires
  5 wraiths
  5 wyverns
  6 redbacks
  3 tarantellas (Spider:1)
  3 shadows
  Grum (D:10)
  48 yaks
  2 basilisks
  17 water moccasins
  Duvessa (D:4)
  4 hell hounds
  5 orc warriors
  6 black bears
  An ice beast (D:7)
  2 sky beasts
  6 ogres
  2 necrophages
  12 wolves
  4 centaurs
  12 kobold brigands
  Blork the orc (D:4)
  7 gnoll sergeants (D:9)
  14 bullfrogs
  3 scorpions
  Dowan (D:4)
  8 wights
  10 electric eels (D:9)
  2 bullfrog zombies
  10 howler monkeys
  4 jellies
  5 orc priests
  An iguana (D:3)
  A scorpion zombie (D:5)
  12 orc wizards
  A killer bee zombie (D:7)
  Robin (D:2)
  2 gnolls (D:9)
  3 adders
  A howler monkey skeleton (D:7)
  A white imp (D:7)
  2 ufetubi
  An adder skeleton (D:5)
  4 worms
  A dart slug (D:1)
  37 orcs
  8 ball pythons
  9 bats
  4 endoplasms
  A giant cockroach (D:2)
  13 goblins
  11 hobgoblins
  7 kobolds
  5 quokkas
  3 training dummies (D:13)
  A frilled lizard (D:3)
  9 rats
  A bush (Lair:5)
473 creatures vanquished.

Vanquished Creatures (collateral kills)
  A hydra (Lair:6)
  An elephant (Lair:6)
  A cane toad (Lair:6)
  2 orange demons (Lair:6)
  A hellwing (Lair:6)
  An ice devil (Lair:6)
  A red devil (Lair:6)
  2 dream sheep (Lair:6)
  A hell hound (Lair:6)
  59 foxfires
70 creatures vanquished.

Vanquished Creatures (others)
  A wolf spider (Spider:1)
  2006 foxfires
  45 fungi
  137 plants
2189 creatures vanquished.

Grand Total: 2732 creatures vanquished

Notes
Turn   | Place    | Note
-------+----------+-------------------------------------------
     0 | D:1      | acebull12 the Djinni Fire Elementalist began the quest for
                  | the Orb.
     0 | D:1      | Reached XP level 1. HP: 15/15 MP: 0/0
   712 | D:1      | Reached XP level 2. HP: 18/22 MP: 0/0
  1473 | D:1      | Found a faded altar of an unknown god.
  1535 | D:1      | Reached skill level 3 in Spellcasting
  1708 | D:1      | Reached XP level 3. HP: 17/26 MP: 0/0
  1708 | D:1      | Learned a level 1 spell: Sandblast
  1957 | D:2      | Found a blossoming altar of Fedhas.
  2791 | D:2      | Reached XP level 4. HP: 17/31 MP: 0/0
  2791 | D:2      | Noticed Robin
  2798 | D:2      | Killed Robin
  2799 | D:2      | Reached skill level 1 in Fighting
  3333 | D:3      | Reached skill level 4 in Spellcasting
  3333 | D:3      | Reached XP level 5. HP: 26/37 MP: 0/0
  3333 | D:3      | Learned a level 2 spell: Wereblood
  4429 | D:3      | Found Atuufett's Armour Shoppe.
  4553 | D:4      | Found a broken altar of Ashenzari.
  4648 | D:4      | Reached XP level 6. HP: 39/43 MP: 0/0
  4649 | D:4      | Noticed Blork the orc
  4654 | D:4      | Killed Blork the orc
  4656 | D:4      | Identified the +8 falchion of the Beast {vorpal, rPois
                  | Str-5 Int+9 Dex-2}
  4821 | D:4      | Noticed Duvessa
  4823 | D:4      | Noticed Dowan
  4833 | D:4      | Killed Duvessa
  4834 | D:4      | Reached skill level 5 in Spellcasting
  4867 | D:3      | Reached XP level 7. HP: 13/49 MP: 0/0
  4867 | D:3      | Learned a level 3 spell: Summon Guardian Golem
  5094 | D:4      | Killed Dowan
  5965 | D:4      | Identified the +0 buckler of Prudence {rN+ Dex+4}
  6164 | D:4      | Found a blossoming altar of Fedhas.
  6335 | D:5      | Entered Level 5 of the Dungeon
  6344 | D:5      | Reached skill level 1 in Shields
  6344 | D:5      | Reached skill level 6 in Spellcasting
  6344 | D:5      | Reached XP level 8. HP: 41/56 MP: 0/0
  6500 | D:5      | Found a staircase to the Ecumenical Temple.
  6513 | Temple   | Entered the Ecumenical Temple
  6764 | D:5      | Noticed a yak
  6768 | D:5      | Noticed a yak
  6769 | D:5      | Noticed a yak
  6773 | D:5      | Killed a yak
  6775 | D:5      | Killed a yak
  6778 | D:5      | Killed a yak
  6785 | D:5      | Reached skill level 7 in Spellcasting
  7191 | D:5      | Reached XP level 9. HP: 58/62 MP: 0/0
  7191 | D:5      | Learned a level 3 spell: Frozen Ramparts
  7596 | D:5      | Found a hide-covered altar of Uskayaw.
  7780 | D:5      | Found a runed translucent gate.
  7780 | D:5      | Found a runed translucent gate.
  7780 | D:5      | Found a runed translucent gate.
  7780 | D:5      | Noticed ytrimaz's ghost (novice FoFi)
  7782 | D:5      | Found a basalt altar of Yredelemnul.
  8360 | D:6      | Noticed Grinder
  8364 | D:6      | Killed Grinder
  8365 | D:6      | Reached skill level 8 in Spellcasting
  8561 | D:6      | Noticed Maggie
  8574 | D:6      | Killed Maggie
  8575 | D:6      | Reached skill level 5 in Fighting
  8836 | D:6      | Reached skill level 1 in Short Blades
  9019 | D:6      | Found Lony's Magic Scroll Boutique.
  9041 | D:6      | Reached XP level 10. HP: 62/70 MP: 0/0
  9431 | D:6      | Found an iron altar of Okawaru.
  9704 | D:1      | Prayed at the altar of an unknown god.
  9704 | D:1      | Became a worshipper of Dithmenos the Shadowed
  9704 | D:1      | Reached * piety under Dithmenos
  9853 | D:7      | Reached skill level 9 in Spellcasting
 10445 | D:7      | Reached ** piety under Dithmenos
 11256 | D:8      | Reached skill level 10 in Spellcasting
 11500 | D:8      | Identified the +1 leather armour of True Grit {rPois rF+
                  | Str+4 Dex-2}
 11553 | D:8      | Reached XP level 11. HP: 47/78 MP: 0/0
 11553 | D:8      | Learned a level 4 spell: Sticky Flame
 11560 | D:8      | Noticed Gastronok
 11746 | D:8      | Killed Gastronok
 11756 | D:8      | Reached skill level 11 in Spellcasting
 12085 | D:8      | Found a runed translucent gate.
 12086 | D:8      | Found a runed translucent gate.
 12086 | D:8      | Found a runed translucent gate.
 12245 | D:8      | Noticed Maimakterion's ghost (novice VSFi)
 12283 | D:8      | Reached skill level 1 in Armour
 12285 | D:8      | Killed Maimakterion's ghost
 12532 | D:8      | Noticed a two-headed ogre
 12540 | D:8      | Killed a two-headed ogre
 12540 | D:8      | Reached *** piety under Dithmenos
 12681 | D:8      | Noticed Joseph
 12682 | D:8      | Noticed Prince Ribbit
 12685 | D:8      | Killed Prince Ribbit
 12687 | D:8      | Killed Joseph
 12887 | D:8      | Found a snail-covered altar of Cheibriados.
 13583 | D:9      | Found a staircase to the Orcish Mines.
 14746 | D:9      | Reached XP level 12. HP: 22/90 MP: 0/0
 15056 | D:9      | Noticed a two-headed ogre
 15078 | D:9      | Killed a two-headed ogre
 15384 | D:9      | Reached skill level 10 in Fighting
 15393 | D:9      | Reached skill level 5 in Armour
 15984 | D:10     | Entered Level 10 of the Dungeon
 15984 | D:10     | Noticed a two-headed ogre
 15984 | D:10     | Noticed Grum
 15989 | D:10     | Noticed a tengu warrior
 15999 | D:10     | Killed Grum
 16195 | D:10     | Noticed a two-headed ogre
 16202 | D:10     | Found a transporter.
 16209 | D:10     | Found a bloodstained altar of Trog.
 16226 | D:10     | Found a transporter.
 16237 | D:10     | Noticed a two-headed ogre
 16245 | D:10     | Killed a two-headed ogre
 16417 | D:10     | Noticed DarkMailMan's ghost (journeyman GrFi)
 16584 | D:10     | Found a sparkling altar of Nemelex Xobeh.
 16785 | D:10     | Found a burning altar of Makhleb.
 16820 | D:10     | Found a sacrificial altar of Ru.
 16941 | D:11     | Noticed Snorg
 16945 | D:10     | Reached skill level 5 in Shields
 17241 | D:11     | Killed Snorg
 17535 | D:11     | Reached **** piety under Dithmenos
 17770 | D:11     | Noticed a seven-headed hydra
 17780 | D:11     | Killed a seven-headed hydra
 18194 | D:11     | Found a staircase to the Lair.
 18257 | D:11     | Noticed a two-headed ogre
 18264 | D:11     | Killed a two-headed ogre
 18593 | D:12     | Reached XP level 13. HP: 78/99 MP: 0/0
 18593 | D:12     | Learned a level 5 spell: Metabolic Englaciation
 19934 | D:13     | Noticed a centaur warrior
 19948 | D:13     | Killed a centaur warrior
 20133 | D:13     | Found Vutus's Firing Range.
 20166 | D:13     | Noticed a seven-headed hydra
 20174 | D:13     | Killed a seven-headed hydra
 20209 | D:13     | Noticed a five-headed hydra
 20214 | D:13     | Killed a five-headed hydra
 20430 | D:13     | HP: 1/100 [iron troll (17)]
 20734 | D:13     | Reached skill level 12 in Spellcasting
 21101 | Lair:1   | Entered Level 1 of the Lair of Beasts
 21366 | Lair:1   | Noticed Fannar
 21378 | Lair:1   | Killed Fannar
 22420 | Lair:2   | Noticed Nergalle
 22431 | Lair:2   | Killed Nergalle
 22819 | Lair:2   | Reached ***** piety under Dithmenos
 23445 | Lair:3   | Noticed a four-headed hydra
 23467 | Lair:3   | Killed a four-headed hydra
 23771 | Lair:3   | Noticed a six-headed hydra
 23778 | Lair:3   | Killed a six-headed hydra
 23889 | Lair:3   | Noticed Rupert
 23902 | Lair:3   | Killed Rupert
 23903 | Lair:3   | Reached XP level 14. HP: 41/107 MP: 0/0
 24741 | Lair:3   | Found a staircase to the Shoals.
 25257 | Lair:4   | Reached skill level 13 in Spellcasting
 26137 | Lair:4   | Found a hole to the Spider Nest.
 28080 | Lair:5   | Found a staircase to the Slime Pits.
 28080 | Lair:5   | Found a viscous altar of Jiyva.
 28340 | Lair:6   | Entered Level 6 of the Lair of Beasts
 28364 | Lair:6   | Noticed Josephine
 28707 | Lair:6   | Killed Josephine
 29524 | Lair:6   | HP: 2/108 [eight-headed hydra (6)]
 30311 | Lair:6   | Reached skill level 14 in Spellcasting
 30316 | Lair:6   | Reached XP level 15. HP: 31/113 MP: 0/0
 30316 | Lair:6   | Learned a level 6 spell: Summon Cactus Giant
 32316 | Lair:6   | Found a burning altar of Makhleb.
 32349 | Lair:6   | Found a gateway to Hell.
 32913 | Spider:1 | Entered Level 1 of the Spider Nest
 32919 | Spider:1 | Noticed Azrael
 32924 | Spider:1 | Reached skill level 10 in Shields
 33235 | Shoals:1 | Entered Level 1 of the Shoals
 33891 | Shoals:1 | Slain by a merfolk

Illustrated notes

Levels and vault maps discovered:
D:1:      minmay_arrival_wavy_path, layout_basic,
          dilly_ecumenical_altar_fadedgnrine, corexii_hall_statues_deadend
D:2:      layout_loops_ring, basic_altar, uniq_robin
D:3:      layout_loops_cross, serial_shops, nicolae_lakefront_shop
D:4:      layout_basic, fedhas_altar_3,
          chequers_temple_overflow_statue_of_worship, kennysheep_generic_room_7,
          uniq_duvessa, uniq_blork_the_orc
D:5:      layout_layer_cave, nicolae_yredelemnul_ghost_church,
          overflow_temple_1_default, minmay_temple_entry_antechambers,
          minmay_manual_moon
D:6:      layout_rooms, okawaru_gym_becter, serial_shops, shop, uniq_grinder,
          uniq_maggie
D:7:      layout_basic
D:8:      layout_layer_cave, mainiacjoe_overflow_24_doors,
          gammafunk_ghost_nasty_kobolds, uniq_gastronok, uniq_joseph,
          uniq_prince_ribbit1
D:9:      layout_basic, kennysheep_orc_monster_closet_entryway, serial_bayou,
          serial_bayou_crossing, serial_bayou_shore_a, serial_bayou_ford_a,
          serial_bayou_lake_a, chequers_serial_rivers_room_b
D:10:     layout_cave_pools, nemelex_spade_bored_becter,
          mainiacjoe_overflow_two_lobes, gammafunk_ghost_wrathful_warriors,
          uniq_grum
D:11:     layout_roguey, david_lair_shrubbed, uniq_snorg
D:12:     layout_basic
D:13:     layout_roguey, david_vaults_4, minmay_misc_feat_ornament,
          nicolae_shop_firing_range
Temple:   nicolae_temple_hex_pool
Lair:1:   layout_regular_city, grunt_megastairs_3, uniq_fannar
Lair:2:   layout_hall_layers, serial_bayou_shore_b, uniq_nergalle
Lair:3:   layout_gridlike, shoals_dummy_entry, beast_lair_carwin_11, uniq_rupert
Lair:4:   layout_cave_pods, spider_nest_entry_funnel_web,
          infiniplex_staircase_pool_2, serial_bayou_shore_b,
          serial_bayou_shore_b
Lair:5:   layout_concentric_octagons, slime_altar_1, lemuel_fruit_tree
Lair:6:   evil_forest, layout_regular_city, hangedman_lair_unloving_vines,
          uniq_josephine
Shoals:1: layout_shoals, ebering_ghost_gozag
Spider:1: layout_spider_delve, uniq_agnes, uniq_azrael

Skill      XL: |  1  2  3  4  5  6  7  8  9 10 11 12 13 14 15 |
---------------+----------------------------------------------+-----
Spellcasting   | 3 4 5 6 7 8 10 11 12 14 | 14.8
Fighting       | 1 2 3 4 5 6 9 11 12 13 | 13.2
Shields        | 1 2 4 6 7 9 10 | 10.1
Short Blades   | 1 2 3 |  3.2
Armour         | 4 6 7 |  7.8
Dodging        | |  2.6
Stealth        | |  1.5
Invocations    | |  0.6

Action                   |  1- 3 |  4- 6 |  7- 9 | 10-12 | 13-15 || total
-------------------------+-------+-------+-------+-------+-------++-------
Melee: Dagger            |       |       |    12 |     7 |   115 ||   134
 Cast: Foxfire           |   123 |   127 |   147 |   245 |   576 ||  1218
       Sandblast         |       |     1 |     6 |     5 |     6 ||    18
       Flame Wave        |       |       |    11 |    57 |    93 ||   161
       Frozen Ramparts   |       |       |     1 |    15 |    26 ||    42
       Inner Flame       |       |       |       |     1 |     1 ||     2
       Summon Guardian G |       |       |       |     1 |     3 ||     4
       Wereblood         |       |       |       |     1 |       ||     1
       Sticky Flame      |       |       |       |     1 |       ||     1
       Scorch            |       |       |       |       |     4 ||     4
       Metabolic Englaci |       |       |       |       |    19 ||    19
       Summon Cactus Gia |       |       |       |       |    10 ||    10
Invok: Shadow Step       |       |       |       |     1 |       ||     1
  Use: Scroll            |       |     5 |       |     7 |    14 ||    26
       Potion            |       |       |       |     1 |     3 ||     4
 Stab: Sleeping          |       |       |       |       |     1 ||     1
Armor: Robe              |     1 |     3 |    10 |     2 |       ||    16
       Leather armour    |       |       |       |    25 |    72 ||    97
Dodge: Dodged            |     2 |    13 |    30 |    65 |   288 ||   398
Block: Buckler           |       |       |    12 |    22 |   114 ||   148
       Kite shield       |       |       |       |     1 |       ||     1

Table legend: (Time is in decaauts)
 A = Elapsed time spent in this place.
 B = Non-inter-level travel time spent in this place.
 C = Inter-level travel time spent in this place.
 D = Time resting spent in this place.
 E = Time spent auto-exploring this place.
 F = Levels seen in this place.
 G = Mean time per level.
                   A        B        C        D        E       F      G
               +--------+--------+--------+--------+--------+-----+--------+
         Total |  33901 |  32409 |   1492 |   8581 |  20025 |  22 | 1541.0 |
       Dungeon |  21026 |  20090 |    936 |   4606 |  13118 |  13 | 1617.4 |
        Temple |     87 |     74 |     13 |      0 |     56 |   1 |   87.0 |
          Lair |  12119 |  11576 |    543 |   3622 |   6631 |   6 | 2019.8 |
        Shoals |    654 |    654 |      0 |    353 |    220 |   1 |  654.0 |
   Spider Nest |     13 |     13 |      0 |      0 |      0 |   1 |   13.0 |
               +--------+--------+--------+--------+--------+-----+--------+

Top non-repeatable levels by time:
  Lair:5: 3118 daAuts
  Lair:6: 2637 daAuts
     D:9: 2503 daAuts
  Lair:4: 2246 daAuts
     D:5: 2150 daAuts
     D:1: 2025 daAuts
  Lair:3: 1928 daAuts
     D:8: 1792 daAuts
    D:12: 1644 daAuts
     D:6: 1600 daAuts
     D:4: 1562 daAuts
     D:3: 1539 daAuts
    D:11: 1427 daAuts
     D:2: 1370 daAuts
     D:7: 1363 daAuts
